 Dungeon Crawl Stone Soup version 0.20.0-10-g0535bb4 (webtiles) character file.

1047 Inarius the Conjurer (level 8, -2/59 HPs)
             Began as a Yellow Draconian Air Elementalist on June 6, 2017.
             Was a Believer of Vehumet.
             Engulfed by a cloud of flame (17 damage)
             ... on level 4 of the Dungeon.
             The game lasted 00:27:52 (5912 turns).

Inarius the Conjurer (DrAE)                         Turns: 5912, Time: 00:27:53

Health: -2/59      AC:  6    Str: 11    XL:     8   Next: 5%
Magic:  14/14      EV: 13    Int: 18    God:    Vehumet [**....]
Gold:   170        SH:  0    Dex: 11    Spells: 5/15 levels left

rFire    . . .     SeeInvis .   i - +0 short sword
rCold    . . .     Gourm    .   (no shield)
rNeg     . . .     Faith    .   (armour unavailable)
rPois    .         Spirit   .   (helmet restricted)
rElec    .         Reflect  .   (no cloak)
rCorr    +         Harm     .   (no gloves)
MR       .....                  (no boots)
Stlth    +.........             (no amulet)
Regen    0.2/turn               (no ring)
MPRegen  0.2/turn               (no ring)

@: no status effects
A: spit acid, acid resistance, unfitting armour, big wings, hooves 1,
cold-blooded, AC +6
a: Breathe Acid, Fly, Renounce Religion


You were on level 4 of the Dungeon.
You worshipped Vehumet.
Vehumet was pleased with you.
You were not hungry.

You visited 1 branch of the dungeon, and saw 4 of its levels.

You collected 170 gold pieces.

Inventory:

Hand Weapons
 i - a +0 short sword (weapon)
Wands
 n - a wand of digging (20/24)
Scrolls
 e - 2 scrolls of immolation
 f - a scroll of enchant armour {unknown}
 j - 3 scrolls of teleportation
 l - a scroll of amnesia
 m - a scroll of magic mapping
Potions
 d - a potion of magic
 g - a potion of cancellation {unknown}
 h - a potion of heal wounds
 o - a potion of degeneration {unknown}
 p - a potion of curing {unknown}
Books
 a - a book of Air

   Spells                             Type                      Level
   a - Shock                          Conjuration/Air              1
   b - Swiftness                      Charms/Air                   2
   c - Static Discharge               Conjuration/Air              3
   d - Airstrike                      Air                          4
   e - Lightning Bolt                 Conjuration/Air              5
Comestibles
 b - 2 bread rations
 c - 2 royal jellies
 k - a fruit
 q - 2 meat rations


   Skills:
 + Level 1.4 Fighting
 * Level 4.1 Dodging
 - Level 1.7 Stealth
 + Level 4.3 Spellcasting
 * Level 5.1 Conjurations
 + Level 0.3 Charms
 + Level 4.8 Air Magic
 * Level 2.0 Evocations


You had 5 spell levels left.
You knew the following spells:

 Your Spells              Type           Power        Failure   Level  Hunger
a - Shock                 Conj/Air       ###.         1%          1    None
b - Swiftness             Chrm/Air       ##......     8%          2    ##.....
c - Static Discharge      Conj/Air       ###.....     5%          3    ###....
d - Airstrike             Air            ###.......   19%         4    ####...


Dungeon Overview and Level Annotations

Branches:
Dungeon (4/15)             Temple (0/1) D:4

Altars:
Ashenzari
Elyvilon
Ru
Vehumet
Yredelemnul
The Shining One


Innate Abilities, Weirdness & Mutations

You can spit globs of acid.
You are resistant to acid.
Your golden yellow scales are hard. (AC +6)
You cannot fit into any form of body armour.
You are cold-blooded and may be slowed by cold attacks.
Your large and strong wings let you fly indefinitely.
You have large cloven feet.


Message History

Okay, then.
Really walk into a travel-excluded area?
You are engulfed in blazing flames.
You are engulfed in blazing flames.
You are engulfed in blazing flames.
* * * LOW HITPOINT WARNING * * *
You see here 20 arrows.
f - a scroll labeled HUBEPL IQUSHREO You start resting.
You are feeling very hungry.
You start resting.
HP restored.
Really walk into a travel-excluded area?
You eat one of the 3 bread rations.
That bread ration really hit the spot!
Really walk into that cloud of flame?
You are engulfed in blazing flames.
You are engulfed in blazing flames.
* * * LOW HITPOINT WARNING * * *
You are engulfed in blazing flames.
You die...

####### #.....#
############.....####
#####....................
....#.#########......#.
....#.# #...##### ###.#.#
#§§@# #.#.# #§§§# #.#.#
#§§§#
#.#.########...#####.
#.......§§§..(..§§§..
###...###.§§§.....§§§..
..........§§§.....§§§.#
###......#####)..######
.....##### #§§§#


There were no monsters in sight!

Vanquished Creatures
  The ghost of Fingolfin the Conjurer, an amateur NaWz of Sif Muna (D:4)
  Sigmund (D:3)
  2 ogres (D:4)
  A crimson imp (D:3)
  A hound (D:4)
  Jessica (D:3)
  3 orc wizards
  An iguana (D:4)
  A worker ant (D:4)
  A hound skeleton (D:4)
  Robin (D:3)
  3 gnolls (D:4)
  8 adders
  4 oozes
  An adder skeleton (D:4)
  5 worms (D:2)
  3 dart slugs
  16 orcs
  6 bats
  8 giant cockroaches
  14 goblins
  6 hobgoblins
  11 jackals
  8 kobolds
  4 quokkas
  2 ball pythons
  5 frilled lizards
  A quokka skeleton (D:4)
  14 rats
133 creatures vanquished.

Notes
Turn   | Place    | Note
-------+----------+-------------------------------------------
     0 | D:1      | Inarius the Draconian Air Elementalist began the quest for the Orb.
     0 | D:1      | Reached XP level 1. HP: 14/14 MP: 3/3
   210 | D:1      | Reached XP level 2. HP: 20/20 MP: 3/5
   217 | D:1      | Learned a level 2 spell: Swiftness
   797 | D:1      | Reached XP level 3. HP: 17/26 MP: 1/6
  1285 | D:2      | Found a radiant altar of Vehumet.
  1388 | D:2      | Found a basalt altar of Yredelemnul.
  1388 | D:2      | Found a sacrificial altar of Ru.
  1407 | D:2      | Became a worshipper of Vehumet
  1459 | D:2      | Found a white marble altar of Elyvilon.
  1524 | D:2      | Learned a level 3 spell: Static Discharge
  1739 | D:2      | Reached skill level 2 in Conjurations
  1882 | D:2      | Reached XP level 4. HP: 33/33 MP: 1/7
  2452 | D:3      | Noticed Jessica
  2460 | D:3      | Killed Jessica
  2551 | D:3      | Noticed Sigmund
  2619 | D:2      | Reached * piety under Vehumet
  2619 | D:2      | Offered knowledge of Freeze by Vehumet.
  2626 | D:2      | Reached XP level 5. HP: 30/38 MP: 0/9
  2920 | D:3      | Reached skill level 3 in Conjurations
  3075 | D:3      | Noticed Robin
  3180 | D:3      | Killed Robin
  3276 | D:3      | Learned a level 4 spell: Airstrike
  3563 | D:3      | Offered knowledge of Flame Tongue by Vehumet.
  3566 | D:3      | Reached ** piety under Vehumet
  3566 | D:3      | Reached XP level 6. HP: 39/45 MP: 6/10
  3879 | D:3      | Killed Sigmund
  3879 | D:3      | Reached skill level 4 in Conjurations
  4374 | D:4      | Your scales start taking on a golden yellow colour.
  4374 | D:4      | Reached XP level 7. HP: 44/50 MP: 9/12
  4437 | D:4      | Found a shattered altar of Ashenzari.
  4597 | D:4      | Noticed Fingolfin's ghost (amateur NaWz)
  4792 | D:4      | Reached skill level 1 in Evocations
  4873 | D:3      | Gained mutation: You have large cloven feet. [potion of mutation]
  4873 | D:3      | Gained mutation: Your large and strong wings let you fly indefinitely. [potion of mutation]
  5001 | D:4      | Found a staircase to the Ecumenical Temple.
  5084 | D:4      | Offered knowledge of Throw Flame by Vehumet.
  5084 | D:4      | Reached skill level 1 in Fighting
  5278 | D:4      | Killed Fingolfin's ghost
  5369 | D:4      | Found a glowing golden altar of the Shining One.
  5390 | D:4      | Reached skill level 5 in Conjurations
  5390 | D:4      | Reached XP level 8. HP: 59/59 MP: 5/14
  5912 | D:4      | Engulfed by a cloud of flame

Skill      XL: |  1  2  3  4  5  6  7 |
---------------+----------------------+-----
Dodging        | 2 3 4 |  4.1
Conjurations   | 2 3 4 5 |  5.1
Spellcasting   | 3 4 |  4.3
Air Magic      | 4 |  4.8
Evocations     | 2 |  2.0
Fighting       | 1 |  1.4
Stealth        | |  1.7
Charms         | |  0.3

Action                   |  1- 3 |  4- 6 |  7- 9 || total
-------------------------+-------+-------+-------++-------
Melee: Unarmed           |    15 |       |       ||    15
       Short sword       |    43 |    64 |    15 ||   122
       Spear             |     7 |       |       ||     7
       Tailslap          |     5 |     4 |     1 ||    10
       Kick              |       |       |     1 ||     1
 Cast: Shock             |    80 |   121 |    68 ||   269
       Swiftness         |       |     5 |     4 ||     9
       Static Discharge  |       |     5 |     3 ||     8
       Airstrike         |       |     1 |       ||     1
 Abil: Breathe Acid      |       |       |     1 ||     1
  Use: Potion            |       |     1 |     1 ||     2
       Scroll            |       |       |     8 ||     8
 Stab: Distracted        |     1 |       |       ||     1
       Sleeping          |     1 |       |       ||     1
  Eat: Chunk             |     4 |     8 |     1 ||    13
       Bread ration      |       |     1 |     1 ||     2
Armor: Skin              |    22 |    21 |     5 ||    48
Dodge: Dodged            |    38 |    75 |    11 ||   124
